 Dungeon Crawl Stone Soup version 0.27-a0-869-g165b36e3f0 (webtiles) character file.

Game seed: 5075756758381544510

328262 jasper the Earth Mage (level 20, -4/170 HPs)
             Began as a Demonspawn Earth Elementalist on Apr 2, 2021.
             Was the Champion of Vehumet.
             Killed by blast of crystal shards (64 damage)
             ... on level 4 of the Vaults.
             The game lasted 02:08:05 (58298 turns).

jasper the Earth Mage (DsEE)                       Turns: 58298, Time: 02:08:05

Health: -4/170     AC:  9    Str:  9    XL:     20   Next: 80%
Magic:  0/39       EV: 22    Int: 38    God:    Vehumet [******]
Gold:   2508       SH: 15    Dex: 19    Spells: 1/49 levels left

rFire    + . .     SeeInvis .   e - staff of earth
rCold    . . .     Faith    .   S - +5 kite shield {reflect}
rNeg     . . .     Spirit   +   Q - +1 robe "Kutuiw" {rPois Int+4 Stlth-}
rPois    +         Reflect  +   (helmet restricted)
rElec    .         Harm     .   T - +1 cloak of Starlight {*Dazzle EV+4 Stlth--}
rCorr    .         Rampage  .   (no gloves)
Will     +....                  b - +1 pair of boots
Stlth    ..........             B - amulet of magic regeneration
HPRegen  0.38/turn              m - +6 ring of intelligence
MPRegen  0.77/turn              F - +6 ring of intelligence

@: no status effects
A: antennae 2, rugged brown scales 2, fire resistance 1, magic shield, magic
regeneration, demonic magic 3, agile 1
}: 2/15 runes: serpentine, barnacled
a: Renounce Religion


You were on level 4 of the Vaults.
You worshipped Vehumet.
Vehumet was exalted by your worship.
You visited 8 branches of the dungeon, and saw 38 of its levels.
You visited the Abyss 1 time.
You also visited: Sewer, Bailey and Desolation.

You collected 6039 gold pieces.
You spent 3531 gold pieces at shops.

Inventory:

Missiles
 c - 358 stones
 q - 6 throwing nets
 A - a curare-tipped dart
Armour
 b - a +1 pair of boots (worn)
 v - the +1 leather armour "Roazuj" {*Contam rElec rF+ rC+}
   (You found it on level 10 of the Dungeon)

   It protects you from fire.
   It protects you from cold.
   It insulates you from electricity.
   It causes magical contamination when unequipped.
 M - a +2 buckler
 Q - the +1 robe "Kutuiw" (worn) {rPois Int+4 Stlth-}
   (You bought it in a shop on level 2 of the Orcish Mines)

   It affects your intelligence (+4).
   It protects you from poison.
   It makes you less stealthy.
 S - a +5 kite shield of reflection (worn)
 T - the +1 cloak of Starlight (worn) {*Dazzle EV+4 Stlth--}
   (You bought it in a shop on level 10 of the Dungeon)

   It affects your evasion (+4).
   It makes you much less stealthy.
Magical Staves
 e - a staff of earth (weapon)
Jewellery
 m - a +6 ring of intelligence (left hand)
 n - a ring of flight
 u - a ring of resist corrosion
 B - an amulet of magic regeneration (around neck)
 F - a +6 ring of intelligence (right hand)
 G - the ring "Jeveevvaa" {rN+++ Str-5 Dex+6}
   (You found it in the Desolation of Salt)

   [ring of dexterity]

   It affects your strength (-5).
   It affects your dexterity (+6).
   It renders you almost immune to negative energy.
 K - a ring of willpower
 L - an amulet of regeneration
 Y - the ring "Ecviyv" {rC+ Slay+3}
   (You found it on level 3 of the Lair of Beasts)

   [ring of protection from cold]

   It affects your accuracy and damage with ranged weapons and melee attacks
   (+3).
   It protects you from cold.
Wands
 p - a wand of acid (48)
 s - a wand of digging (8)
 E - a wand of polymorph (8)
 J - a wand of flame (67)
 P - a wand of random effects (37)
 R - a wand of mindburst (15)
 X - a wand of charming (5)
Scrolls
 d - a scroll of vulnerability
 g - 12 scrolls of teleportation
 k - 6 scrolls of magic mapping
 o - 3 scrolls of immolation
 t - 2 scrolls of blinking
 x - 2 scrolls of amnesia
 y - a scroll of summoning
 C - 5 scrolls of fog
 D - 2 scrolls of silence
 H - 3 scrolls of fear
 I - 2 scrolls of torment
 O - 19 scrolls of identify
 V - 2 scrolls of holy word
Potions
 a - a potion of heal wounds
 f - 23 potions of curing
 h - 2 potions of resistance
 i - 6 potions of lignification
 l - 2 potions of brilliance
 r - 11 potions of haste
 w - 6 potions of might
 z - 3 potions of mutation
 N - 3 potions of ambrosia
 W - 3 potions of invisibility
 Z - 4 potions of flight
Miscellaneous
 j - a phantom mirror


   Skills:
 - Level 15.0 Fighting
 - Level 12.0 Dodging
 - Level 1.7 Stealth
 + Level 7.4 Shields
 - Level 15.0 Spellcasting
 - Level 15.0 Conjurations
 - Level 3.0 Hexes
 - Level 1.0 Translocations
 - Level 4.0 Transmutations
 - Level 1.0 Air Magic
 - Level 20.0 Earth Magic


You had one spell level left.
You knew the following spells:

 Your Spells              Type           Power      Damage    Failure   Level
a - Sandblast             Erth           100%       2d20      0%          1
b - Iron Shot             Conj/Erth      63%        9d12      1%          6
c - Passwall              Tmut/Erth      90%        N/A       1%          2
d - Animate Skeleton      Necr           56%        N/A       3%          1
e - Blink                 Tloc           N/A        N/A       3%          2
f - Statue Form           Tmut/Erth      72%        N/A       3%          6
g - Apportation           Tloc           72%        N/A       1%          1
h - Swiftness             Air            36%        N/A       3%          2
i - Lee's Rapid Deconstr  Erth           67%        3d31*     0%          5
j - Yara's Violent Unrav  Hex/Tmut       26%        3d11      5%          5
k - Lehudib's Crystal Sp  Conj/Erth      63%        10d15     4%          8
l - Shatter               Erth           67%        3d49*     22%         9

Your spell library contained the following spells:

 Spells                   Type           Power      Damage    Failure   Level
 Chain Lightning          Conj/Air       36%        N/A       86%         8
 Ignition                 Fire           14%        3d6       100%        8
 Fire Storm               Conj/Fire      35%        8d9       100%        9
 Magic Dart               Conj           100%       1d8       0%          1
 Beastly Appendage        Tmut           100%       N/A       1%          1
 Corona                   Hex            55%        N/A       1%          1
 Foxfire                  Conj/Fire      100%       2x1d9     1%          1
 Freeze                   Ice            100%       1d11      1%          1
 Shock                    Conj/Air       100%       1d9       1%          1
 Summon Small Mammal      Summ           100%       N/A       3%          1
 Stone Arrow              Conj/Erth      100%       3d13      0%          3
 Slow                     Hex            50%        N/A       1%          2
 Wereblood                Tmut           56%        N/A       1%          2
 Conjure Flame            Conj/Fire      71%        6-21      1%          3
 Dazzling Flash           Conj/Hex       100%       N/A       1%          3
 Ignite Poison            Fire/Tmut/Pois 38%        N/A       1%          3
 Inner Flame              Hex/Fire       39%        N/A       1%          3
 Mephitic Cloud           Conj/Pois/Air  62%        N/A       1%          3
 Static Discharge         Conj/Air       73%        N/A       1%          3
 Animate Armour           Summ/Erth      100%       N/A       1%          4
 Hailstorm                Conj/Ice       71%        3d15      1%          4
 Leda's Liquefaction      Hex/Erth       54%        N/A       1%          4
 Petrify                  Tmut/Erth      100%       N/A       1%          4
 Sticky Flame             Conj/Fire      71%        2d8       1%          4
 Bolt of Magma            Conj/Fire/Erth 54%        4d22      1%          5
 Fireball                 Conj/Fire      35%        3d15      1%          5
 Irradiate                Conj/Tmut      39%        3d27      1%          5
 Iskenderun's Battlesphe  Conj           97%        2d14      1%          5
 Lightning Bolt           Conj/Air       36%        1d54      1%          5
 Orb of Destruction       Conj           48%        9d15      1%          7
 Ensorcelled Hibernation  Hex/Ice        78%        N/A       2%          2
 Confusing Touch          Hex            50%        N/A       2%          3
 Frozen Ramparts          Ice            56%        1d7       2%          3
 Tukima's Dance           Hex            50%        N/A       2%          3
 Call Imp                 Summ           28%        N/A       4%          2
 Spider Form              Tmut/Pois      21%        N/A       4%          3
 Airstrike                Air            18%        N/A       5%          4
 Gell's Gravitas          Tloc           18%        N/A       6%          3
 Starburst                Conj/Fire      35%        8x6d10    6%          6
 Ozocubu's Armour         Ice            28%        N/A       10%         3
 Ice Form                 Ice/Tmut       43%        N/A       14%         4
 Hydra Form               Tmut           28%        N/A       17%         5
 Passage of Golubria      Tloc           N/A        N/A       21%         4
 Summon Lightning Spire   Summ/Air       32%        N/A       26%         4
 Summon Ice Beast         Ice/Summ       28%        N/A       30%         4
 Spellforged Servitor     Conj/Summ      35%        N/A       30%         7
 Metabolic Englaciation   Hex/Ice        19%        N/A       43%         5
 Summon Mana Viper        Hex/Summ       39%        N/A       43%         5
 Eringya's Noxious Bog    Tmut/Pois      21%        N/A       45%         6
 Summon Forest            Summ/Tloc      16%        N/A       56%         5
 Blade Hands              Tmut           28%        N/A       67%         6
 Invisibility             Hex            50%        N/A       80%         6
 Shadow Creatures         Summ           N/A        N/A       99%         6
 Summon Hydra             Summ           14%        N/A       100%        7


Dungeon Overview and Level Annotations

Branches:
Dungeon (15/15)            Temple (1/1) D:5            Lair (6/6) D:9
 Shoals (4/4) Lair:3        Snake (4/4) Lair:2        Slime (0/5) Lair:6
    Orc (2/2) D:9             Elf (2/3) Orc:2        Vaults (4/5) D:13
  Crypt (0/3) Vaults:2     Depths (0/5) D:15          Sewer (visited)
 Bailey (visited)         Desolation (visited)

Altars:
Ashenzari
Cheibriados
Dithmenos
Elyvilon
Fedhas
Gozag
Hepliaklqana
Makhleb
Nemelex Xobeh
Okawaru
Qazlal
Ru
Sif Muna
Trog
Uskayaw
Vehumet
Wu Jian
Xom
Yredelemnul
Zin
The Shining One
Jiyva

Shops:
D:8 *!=*   D:10 [   Orc:2 [:[=[   Shoals:1 *   Snake:2 !   Snake:3 ::=
Snake:4 =   Vaults:1 ?   Vaults:2 :

Annotations:
D:7 1 runed translucent door, thegreatwait's ghost, journeyman GrEE
D:8 Joseph
D:11 exclusion: boulder beetle


Innate Abilities, Weirdness & Mutations

You have a pair of antennae on your head.
You are mostly covered in rugged brown scales. (AC +2, +5% HP)
Your flesh is heat resistant. (rF+)
When hurt, damage is shared between your health and your magic reserves.
You regenerate magic rapidly.
Spells you cast and wands you use may paralyse nearby enemies.
You are agile. (Dex +2)


Message History

Okay, then.
Casting: Iron Shot (mildly dangerous; 1% risk of failure)
Confirm with . or Enter, or press ? or * to list all spells.
Aiming: Lee's Rapid Deconstruction (safe; 0% risk of failure)
Press: ? - help, Dir - move target A metal wall.
You feel a surge of power!
The metal wall shatters!
The blast of metal fragments hits the crystal guardian!!
The crystal guardian is heavily damaged.
Malevolent energies surge around you.
You now have 1/39 mp.
Casting: Lee's Rapid Deconstruction (safe; 0% risk of failure)
Confirm with . or Enter, or press ? or * to list all spells.
Aiming: Sandblast (safe; 0% risk of failure)
Press: ? - help, Shift-Dir - straight line You feel a surge of power!
The blast of sand hits the crystal guardian but does no damage.
The crystal guardian is heavily damaged.
c - 358 stones Malevolent energies surge around you.
The crystal guardian no longer looks unusually strong.
The crystal guardian hits you but does no damage.
You feel much better.
You block the crystal guardian's attack.
You regained 26 hp, and now have 71/170 hp.
The crystal guardian fires a crystalline bolt at you.
The crystal bolt burns you! You resist.
You take 12 damage, and have 59/170 hp.
Casting: Sandblast (safe; 0% risk of failure)
Confirm with . or Enter, or press ? or * to list all spells.
Aiming: Lee's Rapid Deconstruction (safe; 0% risk of failure)
Press: ? - help, Dir - move target, f - crystal guardian Fragment what (e.g. wall or brittle monster)?: a crystal guardian (heavily damaged)
You feel a surge of power! That beam is likely to hit you.
Continue anyway?
The crystal guardian shatters!!!
You blow up the crystal guardian!
Vehumet accepts your kill.
You feel your power returning. The blast of crystal shards hits you!!!
You die...

******** *,,,,,,,*,^,,,,##...[.
,,,,,,,* *,,,,,,,*,,,,,,#......
,,,,,,,* *,,,,,,,*,,^,,,#.....†
,,,,,,,* *,,,,,,,*,,,,,,##.....
,,,,,,,* *,,,,,,,+,,,,,,*#.....
,,,,,,,* *,,,,,,,*,,,,,,*#.....
,,,,,,,* *********,,,,,,*#.....
+####################+######.....
................@................
.................................
(.......[........)...............
..........(.............[..÷.....
..........()[....................
###########'#+##############'####
....##...##÷.....# *,*,#..†#.#,
...##..<.##......# **,#.#.#)#)#
..##....###......# *,#.#.#)#.#.


There were no monsters in sight!

Vanquished Creatures
  An ancient lich (Vaults:3)
  Vashnia (Snake:4)
  Jorgrun (Orc:1)
  A kraken (Shoals:2)
  3 tengu reavers
  13 nagarajas
  Donald (Vaults:2)
  A fire giant (Vaults:4)
  2 imperial myrmidons (Desolation)
  2 orc warlords
  7 vault wardens
  The ghost of Cancer the Devastator, an adept GrCj of Vehumet (Snake:1)
  Aizul (Vaults:1)
  10 ironbound preservers
  5 war gargoyles
  2 halazid warlocks (Desolation)
  6 merfolk javelineers
  7 dire elephants
  3 merfolk impalers
  A salamander tyrant (Snake:4)
  An ettin (Orc:2)
  5 crystal guardians
  4 yaktaur captains
  A great orb of eyes (Vaults:2)
  3 ragged hierophants (Desolation)
  Harold (D:8)
  Erolcha (D:9)
  3 catoblepae
  4 servants of whispers (Desolation)
  7 vault guards
  8 boulder beetles
  2 rakshasas (D:13)
  7 hydras
  6 peacekeepers
  9 naga warriors
  4 ironbound thunderhulks
  3 merfolk aquamancers
  4 merfolk avatars
  8 centaur warriors
  6 ironbound frosthearts
  5 two-headed ogres
  A death knight (D:13)
  A tengu warrior (D:14)
  11 anacondas
  A satyr (Shoals:4)
  3 death yaks (Lair:6)
  11 dancing weapons (Elf:1)
  A deep troll shaman (Lair:6)
  4 orc high priests
  7 ironbound beastmasters
  9 shock serpents
  6 deep elf knights (Elf:1)
  16 naga sharpshooters
  5 sea snakes
  2 salamander mystics (Snake:4)
  34 deep trolls
  A glowing orange brain (Vaults:3)
  15 harpies
  13 naga ritualists
  4 deep elf archers (Elf:1)
  8 lindwurms
  2 necromancers
  15 ironbound convokers
  9 wizards
  5 orc knights
  19 deep elf pyromancers
  4 orc sorcerers
  36 ugly things
  12 deep elf zephyrmancers (Elf:1)
  12 mana vipers
  11 cyclopes
  5 oklob plants
  4 fauns
  4 salamanders
  15 manticores
  A tengu skeleton (Vaults:3)
  A salamander (shapeshifter) (D:13)
  8 merfolk sirens
  14 elephants
  4 water nymphs
  16 vault sentinels
  13 naga magi
  36 black mambas
  3 gargoyles
  5 guardian serpents
  An unseen horror (D:10)
  16 cane toads
  A molten gargoyle (Desolation)
  4 komodo dragons
  Maggie (D:8)
  A freezing wraith (D:14)
  3 rime drakes (Lair:4)
  3 efreet
  2 kobold demonologists
  2 tengu conjurers
  29 yaktaurs
  A meliai (D:14)
  A troll (shapeshifter) (D:14)
  4 polar bears
  19 merfolk
  A polar bear (shapeshifter) (D:14)
  2 wind drakes
  9 snapping turtles
  19 slime creatures
  2 hornets
  3 trolls
  12 blink frogs
  23 dream sheep
  33 saltlings (Desolation)
  An air elemental (Elf:1)
  10 water elementals
  A vampire (D:12)
  A redback (shapeshifter) (Vaults:2)
  2 shadows
  6 wraiths
  A wyvern (Lair:3)
  4 basilisks
  45 yaks
  2 fire elementals (Elf:1)
  A hog (shapeshifter) (Elf:1)
  A vampire mosquito (D:14)
  56 nagas
  3 acid dragons
  A naga (shapeshifter) (D:14)
  16 water moccasins
  3 wargs
  Menkaure (D:5)
  Duvessa (D:6)
  3 ice beasts
  22 orc warriors
  3 sky beasts
  3 necrophages
  2 hornet zombies
  7 ogres
  3 black bears
  3 boggarts (Vaults:1)
  17 wolves
  8 centaurs
  2 kobold brigands
  A wyvern zombie (D:9)
  22 bullfrogs
  An earth elemental (Elf:1)
  Dowan (D:6)
  A wyvern skeleton (D:7)
  4 wights
  4 howler monkeys
  5 electric eels
  A bullfrog zombie (D:5)
  A bullfrog skeleton (D:6)
  2 hounds
  31 orc priests
  4 centaur zombies
  A gnoll shaman (D:8)
  Natasha (D:2)
  Terence (D:2)
  5 iguanas
  2 centaur skeletons
  A scorpion zombie (D:5)
  33 orc wizards
  A killer bee zombie (D:5)
  2 hound zombies (D:5)
  A howler monkey zombie (D:11)
  16 adders
  12 gnolls
  2 river rats (Sewer)
  A shadow imp (D:8)
  A white imp (Vaults:2)
  2 worms (D:2)
  3 dart slugs
  67 orcs
  A bat (D:2)
  12 endoplasms
  4 giant cockroaches
  12 goblins
  11 hobgoblins
  4 quokkas
  4 ball pythons
  11 frilled lizards
  2 goblin zombies (D:8)
  5 hobgoblin zombies
  A jackal zombie (D:6)
  12 kobolds
  2 kobold zombies (D:8)
  3 orc zombies (D:8)
  14 rats
  A rat zombie (D:6)
  A butterfly (D:6)
  2 tentacles (Shoals:2)
1321 creatures vanquished.

Vanquished Creatures (others)
  A centaur zombie (D:9)
  8 bushes (Lair:5)
  39 fungi
  227 plants
  8 tentacles (Shoals:2)
283 creatures vanquished.

Grand Total: 1604 creatures vanquished

Notes
Turn   | Place    | Note
-------+----------+-------------------------------------------
     0 | D:1      | jasper the Demonspawn Earth Elementalist began the quest
                  | for the Orb.
     0 | D:1      | Reached XP level 1. HP: 13/13 MP: 3/3
   118 | D:1      | Reached skill level 3 in Earth Magic
   135 | D:1      | Gained mutation: You are partially covered in rugged brown
                  | scales. (AC +1, +3% HP) [demonic ancestry]
   135 | D:1      | Reached XP level 2. HP: 11/19 MP: 1/5
   650 | D:1      | Reached XP level 3. HP: 24/24 MP: 3/6
   654 | D:1      | Learned a level 3 spell: Stone Arrow
   740 | D:1      | Found a faded altar of an unknown god.
  1041 | D:2      | Reached skill level 4 in Earth Magic
  1161 | D:2      | Noticed Terence
  1171 | D:2      | Killed Terence
  1172 | D:2      | Reached skill level 1 in Conjurations
  1172 | D:2      | Reached XP level 4. HP: 30/30 MP: 3/7
  1337 | D:2      | Learned a level 2 spell: Passwall
  1646 | D:2      | Noticed Natasha
  1648 | D:2      | Killed Natasha
  1721 | D:2      | Learned a level 1 spell: Animate Skeleton
  2176 | D:3      | Gained mutation: You have a pair of small antennae on your
                  | head. [demonic ancestry]
  2176 | D:3      | Reached XP level 5. HP: 31/36 MP: 0/8
  2259 | D:3      | Noticed a +0 short sword
  2260 | D:3      | Noticed a +0 falchion
  2260 | D:3      | Noticed a +0 dagger
  2260 | D:3      | Noticed a +0 falchion
  2261 | D:3      | Noticed a +0 short sword
  2261 | D:3      | Noticed a +0 spear
  2319 | D:3      | Noticed a +0 dagger
  2320 | D:3      | Noticed a +0 spear
  2369 | D:3      | Found a hide-covered altar of Uskayaw.
  2708 | D:3      | Found a sparkling altar of Nemelex Xobeh.
  3166 | D:4      | Found a sacrificial altar of Ru.
  3198 | D:4      | Reached skill level 5 in Earth Magic
  3314 | D:4      | Reached XP level 6. HP: 42/42 MP: 6/9
  4010 | D:4      | Found a burning altar of Makhleb.
  4010 | D:4      | Found an iron altar of Okawaru.
  4086 | D:4      | Learned a level 2 spell: Blink
  4298 | D:5      | Entered Level 5 of the Dungeon
  4699 | D:5      | Found a blossoming altar of Fedhas.
  4699 | D:5      | Found a broken altar of Ashenzari.
  4942 | D:5      | Noticed Menkaure
  4950 | D:5      | Killed Menkaure
  4951 | D:5      | Reached skill level 1 in Fighting
  4951 | D:5      | Gained mutation: You regenerate magic rapidly. [demonic
                  | ancestry]
  4951 | D:5      | Reached XP level 7. HP: 49/49 MP: 7/10
  5011 | D:5      | Found a staircase to the Ecumenical Temple.
  5037 | D:5      | Reached skill level 6 in Earth Magic
  5040 | Temple   | Entered the Ecumenical Temple
  5058 | Temple   | Became a worshipper of Vehumet
  5453 | D:6      | Reached XP level 8. HP: 41/58 MP: 7/12
  5683 | D:6      | Noticed Duvessa
  5692 | D:6      | Noticed Dowan
  5699 | D:6      | Killed Duvessa
  5700 | D:6      | Reached skill level 7 in Earth Magic
  5701 | D:6      | Killed Dowan
  5882 | D:6      | Found a glowing drain.
  5940 | Sewer    | Entered a sewer
  5948 | Sewer    | Reached * piety under Vehumet
  5948 | Sewer    | Offered knowledge of Freeze by Vehumet.
  5954 | Sewer    | Learned a level 4 spell: Petrify
  6031 | Sewer    | Reached skill level 1 in Transmutations
  6911 | D:6      | Found a shimmering altar of Xom.
  7108 | D:7      | Found a stormy altar of Qazlal.
  7137 | D:7      | Learned a level 1 spell: Apportation
  7271 | D:7      | Reached XP level 9. HP: 66/66 MP: 11/15
  7405 | D:7      | Learned a level 2 spell: Swiftness
  7422 | D:7      | Noticed thegreatwait's ghost (journeyman GrEE)
  7429 | D:7      | Found a runed translucent door.
  7585 | D:7      | Found a shadowy altar of Dithmenos.
  7590 | D:7      | Reached skill level 8 in Earth Magic
  7714 | D:7      | Noticed a two-headed ogre
  7742 | D:7      | Killed a two-headed ogre
  8424 | D:8      | Found Unaevek's Distillery.
  8428 | D:8      | Bought a potion of curing for 48 gold pieces
  8428 | D:8      | Bought a potion of heal wounds for 80 gold pieces
  8428 | D:8      | Bought a potion of haste for 160 gold pieces
  8469 | D:8      | Noticed Joseph
  8480 | D:8      | Found Astemox's Assorted Antiques.
  8529 | D:8      | Reached skill level 5 in Spellcasting
  8548 | D:8      | Reached skill level 5 in Dodging
  8548 | D:8      | Reached skill level 1 in Translocations
  8548 | D:8      | Reached skill level 1 in Air Magic
  8640 | D:8      | Found Myalemal's General Store.
  8656 | D:8      | Reached ** piety under Vehumet
  8656 | D:8      | Offered knowledge of Searing Ray by Vehumet.
  8804 | D:8      | Noticed Harold
  8820 | D:8      | Killed Harold
  8821 | D:8      | Reached skill level 5 in Fighting
  8821 | D:8      | Reached skill level 9 in Earth Magic
  8821 | D:8      | Reached XP level 10. HP: 57/76 MP: 7/18
  8941 | D:8      | Noticed Maggie
  9164 | D:8      | Found Mygail's Jewellery Shoppe.
  9288 | D:9      | Found a staircase to the Lair.
  9762 | D:9      | Noticed a two-headed ogre
 10483 | D:8      | Killed Maggie
 10706 | D:8      | Noticed a gargoyle
 10712 | D:8      | Killed a gargoyle
 11190 | D:9      | Learned a level 5 spell: Lee's Rapid Deconstruction
 11263 | D:9      | Offered knowledge of Frozen Ramparts by Vehumet.
 11359 | D:9      | Noticed a cyan ugly thing
 11366 | D:9      | Killed a cyan ugly thing
 11367 | D:9      | Reached skill level 10 in Earth Magic
 11396 | D:9      | Found a staircase to the Orcish Mines.
 11438 | D:9      | Noticed a gargoyle
 11455 | D:9      | Killed a gargoyle
 11736 | D:9      | Noticed a manticore
 11736 | D:9      | Noticed a two-headed ogre
 11739 | D:10     | Entered Level 10 of the Dungeon
 11768 | D:10     | Found a flagged portal.
 11785 | Bailey   | Entered a bailey
 11845 | Bailey   | Reached *** piety under Vehumet
 11963 | Bailey   | Found an iron altar of Okawaru.
 11963 | Bailey   | Noticed an orc knight
 11966 | Bailey   | Noticed an orc knight
 11974 | Bailey   | Killed an orc knight
 11975 | Bailey   | Reached XP level 11. HP: 72/85 MP: 7/20
 12257 | D:10     | Identified the +1 leather armour "Roazuj" {*Contam rElec
                  | rF+ rC+}
 12571 | D:10     | Found Fueqarus's Armour Boutique.
 12580 | D:10     | Bought a +2 buckler for 214 gold pieces
 12960 | D:10     | Offered knowledge of Hailstorm by Vehumet.
 13481 | D:11     | Noticed a boulder beetle
 13548 | D:11     | Noticed a two-headed ogre
 13555 | D:11     | Killed a two-headed ogre
 13556 | D:11     | Reached skill level 1 in Shields
 13703 | D:11     | Noticed a five-headed hydra
 13718 | D:11     | Killed a five-headed hydra
 14227 | D:11     | Noticed a two-headed ogre
 14233 | D:11     | Killed a two-headed ogre
 14234 | D:11     | Reached skill level 11 in Earth Magic
 15096 | D:12     | Identified a scroll of acquirement
 15097 | D:12     | Acquired 413 gold pieces
 15227 | D:10     | Bought the +1 cloak of Starlight {*Dazzle EV+4 Stlth--} for
                  | 396 gold pieces
 15227 | D:10     | Found the +1 cloak of Starlight {*Dazzle EV+4 Stlth--}
 15296 | D:9      | Killed a two-headed ogre
 15529 | D:9      | Identified the ring "Tuamant" {+Inv rPois rF- rC+ Str-4
                  | Dex+6}
 15597 | D:9      | Killed a two-headed ogre
 16087 | D:9      | Noticed Erolcha
 16093 | D:9      | Killed Erolcha
 16666 | Lair:1   | Entered Level 1 of the Lair of Beasts
 16908 | Lair:1   | Gained mutation: Spells you cast may paralyse adjacent
                  | enemies. [demonic ancestry]
 16908 | Lair:1   | Reached XP level 12. HP: 52/94 MP: 18/23
 17946 | Lair:2   | Reached **** piety under Vehumet
 17951 | Lair:2   | Reached skill level 12 in Earth Magic
 18058 | Lair:2   | Offered knowledge of Yara's Violent Unravelling by Vehumet.
 18137 | Lair:2   | Identified the +6 rapier of Excruciating Pain {flame,
                  | Stlth+}
 18745 | Lair:2   | Learned a level 5 spell: Yara's Violent Unravelling
 18748 | Lair:2   | Noticed a boulder beetle
 19125 | Lair:2   | Found a staircase to the Snake Pit.
 19211 | Lair:2   | Reached skill level 1 in Hexes
 19582 | Lair:3   | Identified the Grimoire of Clay
 19585 | Lair:3   | Identified the ring "Ecviyv" {rC+ Slay+3}
 20056 | Lair:3   | Found a staircase to the Shoals.
 20900 | Lair:4   | Gained mutation: You are mostly covered in rugged brown
                  | scales. (AC +2, +5% HP) [demonic ancestry]
 20900 | Lair:4   | Reached XP level 13. HP: 97/106 MP: 1/25
 21305 | Lair:4   | Reached skill level 13 in Earth Magic
 21697 | Lair:4   | Reached ***** piety under Vehumet
 21701 | Lair:4   | Offered knowledge of Iron Shot by Vehumet.
 21960 | Lair:5   | Learned a level 6 spell: Iron Shot
 22009 | Lair:5   | Acquired 652 gold pieces
 22172 | Lair:5   | Reached skill level 10 in Spellcasting
 22688 | D:8      | Bought an amulet of magic regeneration for 330 gold pieces
 23404 | Lair:6   | Entered Level 6 of the Lair of Beasts
 23974 | Lair:6   | Reached skill level 5 in Conjurations
 24002 | Lair:6   | Reached skill level 10 in Fighting
 24180 | Lair:6   | Found a viscous altar of Jiyva.
 24191 | Lair:6   | Found a staircase to the Slime Pits.
 24345 | Lair:6   | Offered knowledge of Irradiate by Vehumet.
 24354 | Lair:6   | Gained mutation: Spells you cast may paralyse nearby
                  | enemies. [demonic ancestry]
 24354 | Lair:6   | Reached XP level 14. HP: 115/115 MP: 3/28
 25151 | Lair:6   | Reached skill level 14 in Earth Magic
 25250 | Lair:6   | Learned a level 5 spell: Irradiate
 25434 | Orc:1    | Entered Level 1 of the Orcish Mines
 25434 | Orc:1    | Found a shimmering altar of Xom.
 26045 | Orc:1    | Noticed Jorgrun
 26050 | Orc:1    | Noticed an orc warlord
 26285 | Orc:1    | Killed Jorgrun
 26316 | Orc:1    | Killed an orc warlord
 26704 | Orc:2    | Entered Level 2 of the Orcish Mines
 28080 | Orc:2    | Found a staircase to the Elven Halls.
 28310 | Orc:2    | Found Tuasul's Antique Armour Shoppe.
 28423 | Orc:2    | Found Ituops's Jewellery Emporium.
 28423 | Orc:2    | Found Dule's Book Shoppe.
 28424 | Orc:2    | Found Xagyteqy's Antique Armour Shoppe.
 28428 | Orc:2    | Found Dadutaosm's Armour Emporium.
 28436 | Orc:2    | Bought a fabulously ornate robe for 153 gold pieces
 28436 | Orc:2    | Identified the +1 robe "Kutuiw" {rPois Int+4 Stlth-} (You
                  | bought it in a shop on level 2 of the Orcish Mines)
 28443 | Orc:2    | Gained mutation: You are agile. (Dex +2) [mutagenic glow]
 28448 | Orc:2    | Bought a +1 pair of boots for 172 gold pieces
 28463 | Orc:2    | Bought a book of the Earth for 910 gold pieces
 29353 | D:13     | Found a gate to the Vaults.
 30052 | D:13     | Gained mutation: You have a pair of antennae on your head.
                  | [demonic ancestry]
 30052 | D:13     | Reached XP level 15. HP: 123/123 MP: 6/30
 30060 | D:13     | Learned a level 6 spell: Statue Form
 30219 | D:13     | Offered knowledge of Freezing Cloud by Vehumet.
 31265 | D:14     | Reached skill level 15 in Earth Magic
 31326 | D:14     | Acquired 889 gold pieces
 32008 | D:14     | Reached skill level 10 in Dodging
 32265 | D:15     | Entered Level 15 of the Dungeon
 32366 | D:15     | Offered knowledge of Eringya's Noxious Bog by Vehumet.
 33096 | D:15     | Found a staircase to the Depths.
 33522 | Snake:1  | Entered Level 1 of the Snake Pit
 33825 | Snake:1  | Gained mutation: When hurt, damage is shared between your
                  | health and your magic reserves. [demonic ancestry]
 33825 | Snake:1  | Reached XP level 16. HP: 133/133 MP: 11/31
 34110 | Snake:1  | Found a large runed translucent door.
 34111 | Snake:1  | Found a large runed translucent door.
 34112 | Snake:1  | Noticed Cancer's ghost (adept GrCj)
 34526 | Snake:1  | Killed Cancer's ghost
 34765 | Snake:1  | Identified the +4 rapier of Diheum Ygra {vorpal, rC+ Int+4}
 34781 | Snake:1  | Reached skill level 16 in Earth Magic
 35162 | Snake:2  | Found Ocon's Distillery.
 35169 | Snake:2  | Bought a potion of curing for 54 gold pieces
 35169 | Snake:2  | Bought a potion of curing for 54 gold pieces
 35169 | Snake:2  | Bought a potion of curing for 54 gold pieces
 35169 | Snake:2  | Bought a potion of heal wounds for 90 gold pieces
 35169 | Snake:2  | Bought 2 potions of curing for 108 gold pieces
 35169 | Snake:2  | Bought a potion of haste for 180 gold pieces
 35169 | Snake:2  | Bought a potion of haste for 180 gold pieces
 35355 | Snake:2  | Offered knowledge of Orb of Destruction by Vehumet.
 36897 | Snake:3  | Found Timmul's Jewellery Boutique.
 36897 | Snake:3  | Found Geephaem's Book Emporium.
 36898 | Snake:3  | Found Doijoykh's Book Emporium.
 37630 | Snake:4  | Entered Level 4 of the Snake Pit
 37980 | Snake:4  | Found Wiohucw's Jewellery Boutique.
 38519 | Snake:4  | Reached ****** piety under Vehumet
 38520 | Snake:4  | Offered knowledge of Ozocubu's Refrigeration by Vehumet.
 39045 | Snake:4  | Noticed Vashnia
 39049 | Snake:4  | Reached skill level 10 in Conjurations
 39055 | Snake:4  | Killed Vashnia
 39056 | Snake:4  | Reached XP level 17. HP: 141/141 MP: 7/33
 39391 | Snake:4  | Reached skill level 17 in Earth Magic
 40925 | Snake:4  | Offered knowledge of Lehudib's Crystal Spear by Vehumet.
 40936 | Snake:4  | Learned a level 8 spell: Lehudib's Crystal Spear
 41445 | Snake:4  | Got a serpentine rune of Zot
 41611 | Shoals:1 | Entered Level 1 of the Shoals
 42016 | Shoals:1 | Found Coneufuw's General Store.
 42024 | Shoals:1 | Bought a potion of haste for 140 gold pieces
 42250 | Shoals:1 | Identified the +9 chain mail of Gudoos {rPois rN+ rCorr
                  | Str-3 SInv}
 43810 | Shoals:2 | Noticed a kraken
 43831 | Shoals:2 | Killed a kraken
 44046 | Shoals:2 | Reached XP level 18. HP: 151/151 MP: 33/35
 45879 | Shoals:4 | Entered Level 4 of the Shoals
 47150 | Shoals:4 | Reached skill level 18 in Earth Magic
 47152 | Shoals:4 | Got a barnacled rune of Zot
 47362 | Elf:1    | Entered Level 1 of the Elven Halls
 47793 | Elf:1    | Offered knowledge of Fire Storm by Vehumet.
 47793 | Elf:1    | Offered knowledge of Chain Lightning by Vehumet.
 47793 | Elf:1    | Offered knowledge of Ignition by Vehumet.
 49289 | Elf:2    | Cast into level 2 of the Abyss (a deep elf demonologist)
 49404 | Elf:2    | Escaped the Abyss
 49737 | Vaults:1 | Entered Level 1 of the Vaults
 50230 | Vaults:1 | Noticed Aizul
 50233 | Vaults:1 | Killed Aizul
 50599 | Vaults:1 | Gained mutation: Spells you cast and wands you use may
                  | paralyse nearby enemies. [demonic ancestry]
 50599 | Vaults:1 | Reached XP level 19. HP: 132/160 MP: 23/37
 51792 | Vaults:1 | Reached skill level 19 in Earth Magic
 52205 | Vaults:1 | Found Wytoki Usea's Magic Scroll Shop.
 52213 | Vaults:1 | Bought a scroll of blinking for 120 gold pieces
 52213 | Vaults:1 | Bought a scroll of fog for 32 gold pieces
 52213 | Vaults:1 | Bought a scroll of immolation for 56 gold pieces
 52773 | Vaults:2 | Found Inikh's Book Boutique.
 53094 | Vaults:2 | Found a staircase to the Crypt.
 53872 | Vaults:2 | You fall into a shaft and drop 2 floors!
 53952 | Vaults:4 | Reached skill level 15 in Fighting
 54096 | Vaults:3 | Found a ruined gateway.
 54110 | Desolati | Entered the Desolation of Salt
 54687 | Desolati | Identified Asmodeus's Guide on Slavery
 54697 | Desolati | Identified the Catalogue of Shifting Heat
 54846 | Desolati | Identified the ring "Jeveevvaa" {rN+++ Str-5 Dex+6}
 54884 | Desolati | Gained mutation: Your flesh is heat resistant. (rF+)
                  | [demonic ancestry]
 54884 | Desolati | Reached XP level 20. HP: 157/170 MP: 3/38
 55097 | Desolati | Identified the +3 chain mail of the Other World {rElec
                  | Regen+}
 55282 | Vaults:2 | Noticed Donald
 55287 | Vaults:2 | Killed Donald
 55472 | Vaults:2 | Learned a level 9 spell: Shatter
 56119 | Vaults:3 | Reached skill level 15 in Spellcasting
 56254 | Vaults:3 | Reached skill level 20 in Earth Magic
 56445 | Vaults:3 | Noticed an ancient lich
 56459 | Vaults:3 | Killed an ancient lich
 57263 | Vaults:3 | Reached skill level 15 in Conjurations
 57405 | Vaults:3 | Reached skill level 5 in Shields
 58298 | Vaults:4 | Killed by blast of crystal shards

Illustrated notes

Levels and vault maps discovered:
D:1:      dpeg_arrival_rhombus, layout_rooms, basic_ecumenical_altar, hex_tiny,
          minmay_cut_off
D:2:      layout_basic, minmay_tromino_mix6, uniq_terence, uniq_natasha
D:3:      layout_basic, nicolae_uskayaw_en_pointe,
          nemelex_xobeh_ov_fountains_minmay, minmay_misc_feat_room
D:4:      layout_gridville, gammafunk_temple_overflow_pools,
          grunt_temple_overflow_open, kennysheep_cross_bottleneck, minivault_11
D:5:      layout_loops_ring, gammafunk_temple_overflow_statue,
          minmay_temple_entry_stoned_glass, kennysheep_generic_room_3,
          uniq_menkaure
D:6:      layout_basic, xom_butterflies, gup_sewer_entry_glass, enter_ossuary_3,
          hangedman_decor_clover_reticule, uniq_duvessa
D:7:      layout_basic, lemuel_doored_altar,
          nicolae_dithmenos_through_a_glass_darkly,
          hellmonk_ghost_happy_afterlife
D:8:      layout_gridville, nicolae_tso_besieged_by_evil, serial_shops,
          nicolae_shop_crystal, shop_statue, shop, shop, uniq_joseph,
          uniq_maggie, uniq_harold
D:9:      layout_basic, david_lair_shrubbed, orc_0_dummy, minmay_pinched_square,
          uniq_erolcha
D:10:     layout_cave_pods, serial_shops, nicolae_shop_trees, enter_bailey_5,
          grunt_decor_cap
D:11:     layout_stronghold
D:12:     layout_gridville
D:13:     layout_irregular_city, lightli_vaults_fourway_checkpoint,
          amcnicky_mini_corridor_feature
D:14:     wad_guarded_room, layout_basic, minmay_splitting_lines
D:15:     grunt_enter_depths_magical_seal, layout_loops_cross
Temple:   eino_temple_lava
Lair:1:   layout_chaotic_city
Lair:2:   layout_loops_ring, minmay_snake_entry_six_corridors,
          nicolae_quartered_pool_super, st_stairs_4
Lair:3:   layout_chaotic_city, minmay_shoals_entry_beasts
Lair:4:   layout_loops_ring, lemuel_fruit_fields, infiniplex_staircase_pool_2
Lair:5:   layout_loops_ring, serial_forest, infiniplex_forest_clump_cross,
          infiniplex_forest_clump_curved, infiniplex_forest_clump_diagonal,
          infiniplex_forest_join, infiniplex_forest_pool,
          infiniplex_forest_straight_5, infiniplex_forest_lined_2,
          infiniplex_forest_lined_room_2, grunt_megastairs_5
Lair:6:   grunt_lair_end_beastmaster, layout_regular_city, slime_altar_1,
          grunt_megastairs_1, minmay_lair_oklob_chamber
Shoals:1: layout_shoals, serial_shops, shop, nicolae_shoals_flooded_hall
Shoals:2: layout_shoals
Shoals:3: layout_shoals, nicolae_shoals_circle_sea_wall, nicolae_shoals_mertower
Shoals:4: shoals_end_simple, layout_shoals
Snake:1:  dpeg_oklob_gauntlet, layout_onion, ebering_ghost_disaster_area,
          nrook_guardian_serpent_ordinary
Snake:2:  layout_basic, serial_shops, shop
Snake:3:  cheibrodos_snake_ritualist_ritual, layout_cave_town,
          chequers_hall_statues_wall_a, grunt_megastairs_2, minmay_shop_grove
Snake:4:  johnstein_snake_rune_scales, layout_chambers, serial_shops,
          shop_statue, uniq_vashnia
Orc:1:    layout_caves, basic_altar, nicolae_orc_tapped_out, uniq_jorgrun
Orc:2:    st_orc_mages, layout_caves, serial_shops, nicolae_shop_waterfront
Elf:1:    eino_elf_arrival_sip, layout_onion_city,
          hangedman_elven_crosses_minicolossus
Elf:2:    layout_gridlike, serial_shops, shop
Vaults:1: v_misc_16, vaults_room_hangedman_quadrants, ontoclasm_vaults_fault,
          ontoclasm_vaults_claustrophobia, v_misc_24,
          ontoclasm_vaults_decontamination, nicolae_vaults_network_s,
          v_pattern_5, v_rooms_5, vaults_standard_mumra_enter_the_diamond,
          nicolae_vaults_three_branches, vaults_dpeg_encased_lava,
          nicolae_vaults_sealed_display, ontoclasm_vaults_gateway, serial_ice_h,
          layout_vaults_omnicross, serial_shops, nicolae_shop_trees, uniq_aizul
Vaults:2: vaults_dpeg_doors, ontoclasm_vaults_shout,
          vaults_standard_mumra_enter_the_diamond,
          nicolae_vaults_little_squares_4, v_misc_3, vaults_room_door_hall,
          serial_ice_h, v_misc_2, grunt_vaults_hallway_short,
          layout_vaults_omnigrid, dummy_crypt_entry, serial_shops,
          nicolae_shop_waterfront, uniq_donald
Vaults:3: nicolae_vaults_quartermaster, hangedman_vaults_stream,
          nicolae_vaults_rhombus_7, v_misc_13, ontoclasm_vaults_misaligned,
          v_misc_31, nicolae_vaults_little_squares_6, v_misc_19,
          v_alt_pattern_3, vaults_room_grid, v_misc_25, v_misc_28,
          nicolae_vaults_little_squares_4, layout_vaults_omnibox,
          portal_desolation_entry_nicolae_slug
Vaults:4: ontoclasm_vaults_spin, v_pattern_1, v_rooms_6,
          vaults_standard_mumra_lines, hangedman_vaults_cutoff,
          vaults_room_large_hall, v_rooms_4, grunt_vaults_hallway_short,
          layout_vaults_ring, serial_shops, nicolae_shop_window_shopping,
          uniq_mara

Skill      XL: |  1  2  3  4  5  6  7  8  9 10 11 12 13 14 15 16 17 18 19 20 |
---------------+-------------------------------------------------------------+-----
Earth Magic    | 3 4 5 6 7 9 10 11 12 13 14 15 16 17 18 19 20 | 20.0
Conjurations   | 1 2 3 4 5 7 8 10 11 12 13 15 | 15.0
Fighting       | 1 2 3 5 6 8 9 10 11 12 13 14 15 | 15.0
Dodging        | 2 3 4 5 6 7 8 9 10 11 12 | 12.0
Spellcasting   | 3 4 5 6 7 8 10 11 12 13 14 15 | 15.0
Transmutations | 2 3 4 |  4.0
Translocations | 1 |  1.0
Air Magic      | 1 |  1.0
Shields        | 3 4 7 |  7.4
Hexes          | 3 |  3.0
Stealth        | |  1.7

Action                   |  1- 3 |  4- 6 |  7- 9 | 10-12 | 13-15 | 16-18 | 19-21 || total
-------------------------+-------+-------+-------+-------+-------+-------+-------++-------
Melee: Unarmed           |    10 |       |       |       |       |       |       ||    10
       Dagger            |     6 |       |       |     2 |       |       |       ||     8
       Rapier            |    20 |       |       |    12 |    64 |       |       ||    96
       Staff             |     8 |    23 |     5 |     2 |    34 |    37 |     8 ||   117
 Cast: Sandblast         |    30 |    71 |   130 |   294 |   111 |    34 |    15 ||   685
       Stone Arrow       |     4 |    21 |    24 |    88 |     7 |       |       ||   144
       Petrify           |       |       |     4 |    12 |       |       |       ||    16
       Lee's Rapid Decon |       |       |       |    52 |    84 |    60 |    65 ||   261
       Passwall          |       |       |       |     1 |     1 |     2 |     2 ||     6
       Animate Skeleton  |       |       |       |     1 |       |     1 |       ||     2
       Swiftness         |       |       |       |     1 |       |       |       ||     1
       Iron Shot         |       |       |       |       |   334 |   480 |   304 ||  1118
       Irradiate         |       |       |       |       |    19 |    16 |       ||    35
       Yara's Violent Un |       |       |       |       |     1 |       |       ||     1
       Statue Form       |       |       |       |       |     4 |    19 |       ||    23
       Lehudib's Crystal |       |       |       |       |       |     9 |    10 ||    19
       Blink             |       |       |       |       |       |     1 |       ||     1
       Apportation       |       |       |       |       |       |     1 |       ||     1
       Shatter           |       |       |       |       |       |       |     1 ||     1
Evoke: Wand              |       |       |       |     4 |       |     3 |     1 ||     8
  Use: Scroll            |       |    14 |     1 |    15 |    10 |     6 |     8 ||    54
       Potion            |       |       |     1 |     3 |       |     4 |     3 ||    11
 Stab: Paralysed         |       |       |       |     7 |    20 |     4 |     1 ||    32
       Petrified         |       |       |       |     1 |       |       |       ||     1
       Invisible         |       |       |       |       |     6 |     4 |       ||    10
Armor: Robe              |     9 |     4 |     5 |     5 |     6 |    14 |     2 ||    45
       Steam dragon scal |       |       |       |     7 |       |       |       ||     7
       Leather armour    |       |       |       |    10 |    24 |       |       ||    34
       Skin              |       |       |       |       |    16 |    61 |       ||    77
Dodge: Dodged            |    32 |    36 |    44 |    99 |   247 |   281 |    55 ||   794
Block: Buckler           |       |       |       |    26 |   107 |   101 |    11 ||   245
       Kite shield       |       |       |       |       |       |       |    13 ||    13
       Reflection        |       |       |       |       |       |       |     2 ||     2

Table legend: (Time is in decaauts)
 A = Elapsed time spent in this place.
 B = Non-inter-level travel time spent in this place.
 C = Inter-level travel time spent in this place.
 D = Time resting spent in this place.
 E = Time spent auto-exploring this place.
 F = Levels seen in this place.
 G = Mean time per level.
                   A        B        C        D        E       F      G
               +--------+--------+--------+--------+--------+-----+--------+
         Total |  59347 |  55583 |   3764 |  17645 |  29990 |  42 | 1413.0 |
       Dungeon |  21849 |  20135 |   1714 |   4323 |  13327 |  15 | 1456.6 |
        Temple |     27 |     19 |      8 |      0 |      4 |   1 |   27.0 |
          Lair |   8826 |   8122 |    704 |   1362 |   5720 |   6 | 1471.0 |
        Shoals |   5970 |   5571 |    399 |   3351 |   1483 |   4 | 1492.5 |
     Snake Pit |   8447 |   8037 |    410 |   3156 |   3618 |   4 | 2111.8 |
  Orcish Mines |   2809 |   2710 |     99 |   1305 |    983 |   2 | 1404.5 |
   Elven Halls |   2177 |   2118 |     59 |    650 |   1190 |   2 | 1088.5 |
        Vaults |   7376 |   7006 |    370 |   2657 |   3312 |   4 | 1844.0 |
         Abyss |    114 |    114 |      0 |     44 |     42 |   1 |  114.0 |
         Sewer |    501 |    501 |      0 |      0 |    305 |   1 |  501.0 |
        Bailey |    209 |    209 |      0 |    127 |      4 |   1 |  209.0 |
    Desolation |   1035 |   1035 |      0 |    670 |      0 |   1 | 1035.0 |
               +--------+--------+--------+--------+--------+-----+--------+

Top non-repeatable levels by time:
 Snake:4: 3000 daAuts
Vaults:1: 2619 daAuts
Vaults:2: 2582 daAuts
     D:8: 2516 daAuts
     D:9: 2366 daAuts
 Snake:3: 2364 daAuts
   Elf:1: 2173 daAuts
Shoals:2: 2124 daAuts
   Orc:1: 2044 daAuts
  Lair:6: 1832 daAuts
    D:10: 1807 daAuts
  Lair:2: 1779 daAuts
Vaults:3: 1776 daAuts
    D:14: 1753 daAuts
 Snake:1: 1728 daAuts
